 Dungeon Crawl Stone Soup version 0.32-a0-960-g3814254bd7 (webtiles) character file.

Game seed: 2643294498263552327

493 trashops the Chopper (level 6, -5/53 HPs)
             Began as a Mountain Dwarf Fighter on Apr 17, 2024.
             Killed from afar by Dowan (12 damage)
             ... with a shard of ice
             ... on level 4 of the Dungeon.
             The game lasted 00:05:02 (3122 turns).

trashops the Chopper (Mountain Dwarf Fighter)       Turns: 3122, Time: 00:05:04

Health: -5/53      AC: 12    Str: 21    XL:     6   Next: 92%
Magic:  6/6        EV:  5    Int:  8    God:
Gold:   79         SH:  4    Dex:  9    Spells: 5/5 levels left

rFire   . . .        a - +1 war axe
rCold   . . .        c - +0 buckler
rNeg    . . .        e - +0 plate armour
rPois   .            (no helmet)
rElec   .            (no cloak)
rCorr   .            (no gloves)
SInv    .            (no boots)
Will    .....        (no amulet) Stlth
                     (no ring)
HPRegen 0.28/turn    (no ring)
MPRegen 0.10/turn

%: no passive effects
@: no status effects
A: runic magic, artefact enchanting
a: no special abilities


You were on level 4 of the Dungeon.
You visited 1 branch of the dungeon, and saw 5 of its levels.

You collected 79 gold pieces.

Inventory:

Hand Weapons
 a - a +1 war axe (weapon)
Armour
 c - a +0 buckler (worn)
 e - a +0 plate armour (worn)
 o - the +0 pair of boots of Classification {rElec rF+++ rC- Stlth+}
   (You found it on level 3 of the Dungeon)

   rF+++:     It renders you almost immune to fire.
   rC-:       It makes you vulnerable to cold.
   rElec:     It insulates you from electricity.
   Stlth+:    It makes you more stealthy.
Jewellery
 h - a ring of ice
Wands
 s - a wand of roots (12)
Scrolls
 f - 2 scrolls of noise
 k - a scroll of vulnerability
 l - 5 scrolls of revelation
 r - a scroll of summoning
 t - a scroll of teleportation
Potions
 b - a potion of lignification
 d - a potion of might
 g - a potion of curing {unknown}
 j - 3 potions of ambrosia
 m - 2 potions of degeneration {unknown}
 n - a potion of mutation {unknown}


   Skills:
 + Level 4.3 Fighting
 * Level 7.1 Axes
 + Level 4.6 Armour
 + Level 4.1 Shields


You had 5 spell levels left.
You didn't know any spells.
Your spell library was empty.

Dungeon Overview and Level Annotations

Branches:
Dungeon (5/15)
 Temple: D:4-7

Altars:
Elyvilon
Yredelemnul
The Shining One

Shops:
D:1 [

Annotations:
D:2 Terence
D:3 3 runed translucent doors, EvilEddieB's ghost, amateur HuCj
D:4 1 runed translucent door, Crazy Yiuf; Dowan


Innate Abilities, Weirdness & Mutations

Your spellcasting is much less encumbered by armour.
You can use scrolls of enchantment on lesser artefacts.


Message History

Duvessa seems to speed up.
You slash Duvessa!
Duvessa is almost dead.
Duvessa hits you but does no damage. Duvessa completely misses you.
You barely miss Duvessa.
Duvessa is almost dead.
Duvessa hits you but does no damage. x2
You hit Duvessa.
You kill Duvessa!
Dowan's eyes darken. "You have made a grave mistake."
Dowan seems to find hidden reserves of power!
Dowan gestures at you while chanting. The stone arrow hits you!
Your Axes skill increases to level 7!
You block Dowan's attack. Dowan hits you but does no damage.
Things that are here:
a +0 short sword; a +4 scale mail of cold resistance; the elf corpse of Duvessa You closely miss Dowan.
Dowan is moderately wounded.
Dowan closely misses you. You block Dowan's attack.
You closely miss Dowan.
Dowan is moderately wounded.
Dowan barely misses you.
You hit Dowan but do no damage.
Dowan is moderately wounded.
Dowan points at you and mumbles some strange words.
The stone arrow hits you!
* * * LOW HITPOINT WARNING * * *
Dowan hits you but does no damage.
You miss Dowan.
Dowan is moderately wounded.
Dowan hits you but does no damage. x2
You closely miss Dowan.
Dowan is moderately wounded.
Dowan points at you and mumbles some strange words.
The stone arrow hits you.
* * * LOW HITPOINT WARNING * * *
Dowan gestures at you while chanting. The shard of ice hits you!
You die...

#...#### ###....##### #.##
###.## #..#.....## #... #..#
##### #(....##..####..# ##.#
#...## ##.##.###.##....# #.#
#....# #.##........#>## #.#
#....### #.######..###.#
#>######...# #.# #...##.#
#...####...####.# #....##.#
###....##..(<@e.####...#..#.#
####.#######...)...#.##....
#..# ###........#.# ##..
##.###...#..###.... ...
#..##.....÷..(....
####....e##.####.#..
#####....÷...##.##
#.....###.##.##..#
##..####..##.###.###


You could see Dowan (fast).

Vanquished Creatures
  Duvessa (D:4)
  A black bear (D:3)
  Blork the orc (D:5)
  A bombardier beetle (D:4)
  A hound (D:4)
  A sleepcap (D:4)
  Natasha (D:4)
  4 adders
  3 gnolls (D:3)
  A dart slug (D:4)
  An orc (D:3)
  4 bats (D:1)
  3 endoplasms
  5 giant cockroaches
  5 goblins
  5 hobgoblins
  3 jackals (D:1)
  4 quokkas
  4 ball pythons
  4 frilled lizards
  8 kobolds
  2 rats
63 creatures vanquished.

Notes
Turn   | Place    | Note
-------+----------+-------------------------------------------
     0 | D:1      | trashops the Mountain Dwarf Fighter began the quest for the
                  | Orb.
     0 | D:1      | Reached XP level 1. HP: 19/19 MP: 1/1
    98 | D:1      | Reached XP level 2. HP: 26/26 MP: 2/2
   272 | D:1      | Found Ischi's Antique Armour Shoppe.
   422 | D:1      | Reached skill level 3 in Axes
   753 | D:1      | Found a faded altar of an unknown god.
  1062 | D:2      | Noticed Terence
  1109 | D:2      | Reached XP level 3. HP: 23/31 MP: 3/3
  1290 | D:2      | Found a glowing golden altar of the Shining One.
  1751 | D:3      | Reached skill level 4 in Axes
  1933 | D:3      | Reached XP level 4. HP: 40/40 MP: 4/4
  1949 | D:3      | Identified the +0 pair of boots of Classification {rElec
                  | rF+++ rC- Stlth+}
  2010 | D:3      | Found a white marble altar of Elyvilon.
  2242 | D:3      | Found a runed translucent gate.
  2243 | D:3      | Found a runed translucent gate.
  2244 | D:3      | Found a runed translucent gate.
  2245 | D:3      | Noticed EvilEddieB's ghost (amateur HuCj)
  2318 | D:3      | Noticed a black bear
  2324 | D:3      | Killed a black bear
  2325 | D:3      | Reached skill level 5 in Axes
  2325 | D:3      | Reached XP level 5. HP: 46/46 MP: 5/5
  2540 | D:3      | Found a basalt altar of Yredelemnul.
  2682 | D:4      | Noticed Blork the orc
  2684 | D:4      | Noticed Natasha
  2684 | D:4      | Noticed Duvessa
  2688 | D:4      | Noticed Dowan
  2694 | D:5      | Entered Level 5 of the Dungeon
  2701 | D:5      | Killed Blork the orc
  2702 | D:5      | Reached skill level 6 in Axes
  2702 | D:5      | Reached XP level 6. HP: 26/52 MP: 6/6
  2912 | D:4      | Found a runed translucent door.
  2913 | D:4      | Noticed Crazy Yiuf
  2951 | D:4      | Killed Natasha
  3116 | D:4      | Killed Duvessa
  3117 | D:4      | Reached skill level 7 in Axes
  3122 | D:4      | Killed from afar by Dowan

Illustrated notes

Levels and vault maps discovered:
D:1:      nzn_arrival_depleted_hourglass, layout_basic,
          ebering_ecumenical_altar_webs, serial_shops,
          nicolae_shop_hallway_stairs
D:2:      layout_loops_ring, basic_altar, dk_vineyard_3, uniq_terence
D:3:      layout_basic, kennysheep_ying_yang, gammafunk_ghost_necromancy
D:4:      layout_rooms, uniq_natasha, uniq_crazy_yiuf_cottage, uniq_duvessa,
          uniq_blork_the_orc
D:5:      layout_basic, zin_scriptorium, kennysheep_orc_sif_temple,
          serial_shops, shop, uniq_ijyb

Skill      XL: |  1  2  3  4  5  6 |
---------------+-------------------+-----
Axes           | 3 4 5 6 7 |  7.1
Armour         | 4 |  4.6
Fighting       | 4 |  4.3
Shields        | 4 |  4.1

Action                     |  1- 3 |  4- 6 || total
---------------------------+-------+-------++-------
  Melee: War axe           |   159 |   101 ||   260
    Use: Scroll            |     8 |     3 ||    11
         Potion            |       |     2 ||     2
   Stab: Distracted        |     1 |       ||     1
 Armour: Plate armour      |   149 |   133 ||   282
  Dodge: Dodged            |    34 |    33 ||    67
  Block: Buckler           |    42 |    20 ||    62

Table legend: (Time is in decaauts)
 A = Elapsed time spent in this place.
 B = Non-inter-level travel time spent in this place.
 C = Inter-level travel time spent in this place.
 D = Time resting spent in this place.
 E = Time spent auto-exploring this place.
 F = Levels seen in this place.
 G = Mean time per level.
                   A        B        C        D        E       F      G
               +--------+--------+--------+--------+--------+-----+--------+
         Total |   3205 |   3114 |     91 |    294 |   2112 |   5 |  641.0 |
       Dungeon |   3205 |   3114 |     91 |    294 |   2112 |   5 |  641.0 |
               +--------+--------+--------+--------+--------+-----+--------+

Top non-repeatable levels by time:
     D:3: 1009 daAuts
     D:1: 969 daAuts
     D:2: 785 daAuts
     D:4: 339 daAuts
     D:5: 100 daAuts
